 Dungeon Crawl Stone Soup version 0.21.1-1-g345015f (webtiles) character file.

41 diana the Insei (level 3, -3/23 HPs)
             Began as an Octopode Transmuter on June 21, 2018.
             Killed by divine providence
             ... invoked by an orc priest
              (10 damage)
             ... on level 2 of the Dungeon.
             The game lasted 00:01:46 (1656 turns).

diana the Insei (Octopode Transmuter)               Turns: 1656, Time: 00:01:47

Health: -3/23      AC:  1    Str: 10    XL:     3   Next: 52%
Magic:  5/6        EV: 13    Int: 15    God:
Gold:   83         SH:  0    Dex: 12    Spells: 0/6 levels left

rFire    . . .     SeeInvis .     - Unarmed
rCold    . . .     Gourm    .   (no shield)
rNeg     . . .     Faith    .   (helmet restricted)
rPois    .         Spirit   .   (no amulet)
rElec    .         Reflect  .   g - ring of wizardry
rCorr    .         Harm     .   (no ring)
MR       .....                  (no ring)
Stlth    ++........             (no ring)
HPRegen  0.07/turn              (no ring)
MPRegen  0.10/turn              (no ring)
                                (no ring)
                                (no ring)

@: appendage (expiring)
A: almost no armour, stealthy swim, amphibious, 8 rings, constrict 8, tentacle
spike 3, camouflage 1, gelatinous body 1
a: End Transformation


You were on level 2 of the Dungeon.
You were not hungry.
One of your tentacles had a temporary spike.
You visited 1 branch of the dungeon, and saw 2 of its levels.

You collected 83 gold pieces.

Inventory:

Missiles
 a - 37 arrows
Jewellery
 g - a ring of wizardry (left tentacle)
Scrolls
 d - 5 scrolls of teleportation {unknown}
 f - a scroll of blinking {unknown}
 h - 3 scrolls of identify {unknown}
 i - 2 scrolls of fear {unknown}
 k - a scroll of enchant weapon {unknown}
 m - a scroll of magic mapping {unknown}
Potions
 e - 2 potions of curing {unknown}
 j - a potion of magic {unknown}
 l - 2 potions of heal wounds {unknown}
Books
 b - a book of Changes

   Spells                             Type                      Level
   a - Beastly Appendage              Transmutation                1
   b - Sticks to Snakes               Transmutation                2
   c - Spider Form                    Transmutation/Poison         3
   d - Ice Form                       Ice/Transmutation            4
   e - Blade Hands                    Transmutation                5
Comestibles
 c - 6 rations


   Skills:
 + Level 1.6 Fighting
 - Level 2.0 Dodging
 * Level 3.6 Unarmed Combat
 + Level 2.3 Spellcasting
 + Level 2.4 Transmutations


You couldn't memorise any spells.
You knew the following spells:

 Your Spells              Type           Power        Failure   Level  Hunger
a - Beastly Appendage     Tmut           #.....       3%          1    #......
b - Spider Form           Tmut/Pois      #.........   16%         3    ###....
c - Sticks to Snakes      Tmut           #.......     4%          2    ###....


Dungeon Overview and Level Annotations

Branches:
Dungeon (2/15)

Altars:


Innate Abilities, Weirdness & Mutations

You cannot wear most types of armour.
You are very stealthy in the water. (Stealth+)
You are amphibious.
You can wear up to eight rings at the same time.
You can use your tentacles to constrict eight enemies at once.
Your skin changes colour to match your surroundings (Stealth+).
Your rubbery body absorbs attacks. (AC +1, EV +1)
One of your tentacles bears a large vicious spike.


Message History

One of your tentacles grows a vicious spike.
The orc shouts!
An orc comes into view.
An orc comes into view. It is wielding a club.
Your transformation is almost over.
An orc priest comes into view. It is wielding a flail.
An orc wizard comes into view. It is wielding a dagger.
The orc hits you.
You barely miss the orc.
The orc priest shouts!
The orc wizard shouts!
You grab the orc.
You pierce the orc.
The orc is severely wounded.
You constrict the orc.
The orc priest calls down the wrath of Beogh upon you.
Beogh smites you! The orc hits you. x2
You are too injured to fight recklessly!
You release your grip on the orc.
The orc priest mumbles some strange prayers to Beogh against you.
Beogh smites you!
You die...

##.# (.. .####### ...####### #.#
#.##.. .....#.>. .........# #.#
#.#.. ....... ########.# #.#
#.#.#########... #.# #.#
#.#........ ##.. #.# #.#
#.......... #.# #.# #.#
#.......... #..
##.###.#####o......... #.. ###
#.#........@.oo..o......$#.#
..###.#...##.#######...o.....##.#
.....###..##.# #........ ##.#
......#......# #.#########...
#.......#.#### #.. .........
#..####.#.# ### ##..... #..#
#(#.# #.(..# #..# #.#.# #..#.#
#<.## #..#.#


You could see an orc priest, an orc wizard and 3 orcs.

Vanquished Creatures
  A worm (D:2)
  2 giant cockroaches (D:1)
  A goblin (D:1)
  11 hobgoblins
  2 jackals (D:1)
  2 ball pythons (D:1)
  6 bats
  2 frilled lizards (D:1)
  2 kobolds
  7 rats
36 creatures vanquished.

Notes
Turn   | Place    | Note
-------+----------+-------------------------------------------
     0 | D:1      | diana the Octopode Transmuter began the quest for the Orb.
     0 | D:1      | Reached XP level 1. HP: 13/13 MP: 3/3
   141 | D:1      | Reached XP level 2. HP: 11/18 MP: 5/5
   749 | D:1      | Reached XP level 3. HP: 22/23 MP: 6/6
   971 | D:1      | Learned a level 3 spell: Spider Form
   974 | D:1      | Learned a level 2 spell: Sticks to Snakes
  1656 | D:2      | Killed from afar by an orc priest

Action                   || total
-------------------------++-------
Melee: Unarmed           ||    79
       Constrict         ||    20
       Tentacles         ||    10
       Punch             ||     3
       Kick              ||     5
 Cast: Beastly Appendage ||     5
 Stab: Sleeping          ||     8
  Eat: Chunk             ||     2
Armor: Skin              ||    10
Dodge: Dodged            ||    71
